 Dungeon Crawl Stone Soup version 0.18.1-8-gdd0e5ea (webtiles) character file.

44 Nimbul the Sneak (level 3, -2/24 HPs)
             Began as a Halfling Assassin on June 3, 2016.
             Slain by an orc priest
             ... wielding a +2 hand axe of electrocution
              (14 damage)
             ... on level 3 of the Dungeon.
             The game lasted 00:13:58 (1771 turns).

Nimbul the Sneak (Halfling Assassin)                Turns: 1771, Time: 00:13:58

Health: -2/24      AC:  7    Str:  9 (11) XL:     3   Next: 87%
Magic:  3/3        EV: 13    Int:  7 (10) God:
Gold:   172        SH:  0    Dex: 15 (16) Spells: 0 memorised, 2 levels left

rFire  . . .     SeeInvis .     v - +3 dagger (venom)
rCold  . . .     Gourm    .     w - +2 leather armour {MR+}
rNeg   . . .     Faith    .     (shield restricted)
rPois  .         Spirit   .     (no helmet)
rElec  .         Dismiss  .     d - +0 cloak
rCorr  .         Reflect  .     h - +0 pair of gloves
SustAt .         Harm     .     (no boots)
MR     +....                    (no amulet)
Stlth  +++.......               (no ring)
                                (no ring)

@: somewhat resistant to hostile enchantments, fairly stealthy
A: mutation resistance 1
a: no special abilities


You were on level 3 of the Dungeon.
You were not hungry.

You visited 1 branch of the dungeon, and saw 3 of its levels.

You collected 172 gold pieces.

Inventory:

Hand Weapons
 a - a +2 dagger
 b - a +0 blowgun
 s - a +0 hunting sling
 v - a +3 dagger of venom (weapon)
Missiles
 e - 8 poisoned needles
 f - 2 curare-tipped needles
 k - 39 stones (quivered)
 n - 62 sling bullets
Armour
 c - a +0 robe
 d - a +0 cloak (worn)
 h - a +0 pair of gloves (worn)
 l - a +0 leather armour
 w - a +2 leather armour of magic resistance (worn)
Scrolls
 i - a scroll of identify
 j - 3 scrolls of remove curse
Potions
 o - a potion of might
 p - 2 potions of curing
 t - 2 potions of haste
Comestibles
 g - 3 bread rations
 m - a beef jerky
 q - a slice of pizza
 r - 5 fruits
 u - 2 chunks of flesh


   Skills:
 * Level 2.0 Fighting
 * Level 3.1 Short Blades
 * Level 1.1(2.2) Slings
 - Level 2.1(2.2) Throwing
 * Level 1.4 Dodging
 - Level 5.4 Stealth


You had 2 spell levels left.
You didn't know any spells.

Dungeon Overview and Level Annotations

Branches:
Dungeon (3/15)

Altars:


Innate Abilities, Weirdness & Mutations

You are small and have problems with some larger weapons.
You are somewhat resistant to further mutation.


Message History

Wear which item? (? for menu, Esc to quit)
You start removing your armour.
You continue taking off your +0 leather armour. x4
You finish taking off your +0 leather armour.
You start putting on your armour.
You continue putting on your runed leather armour. x5
You finish putting on your +2 leather armour of magic resistance.
You feel resistant to hostile enchantments.
You start resting.
An orc priest comes into view.
It is wielding a hand axe of electrocution.
You see here a sling bullet.
Unknown command.
Unknown command.
The orc priest misses you.
You see here a hobgoblin corpse.
You barely miss the orc priest.
The orc priest hits you but does no damage.
You are electrocuted!
Ouch! That really hurt!
You die...

#.# #........##.# #.#
#.####.####.#
#.#####.# #.# #.#
#..>....# #.# #.#
####.#### #.# .# #.#
##.# #)# ##..# #(#
##...###### #@#
#..........
#####o#####...######
#.....##............
#.#.####.###[#######
#..#.###.###.#
#.###.#...##.###
##.#.o.........#
#####g###...##.#......
##...#)#
##............


You could see an orc priest.

Vanquished Creatures
  2 giant geckos (D:2)
  3 orcs (D:3)
  8 bats
  A giant cockroach (D:2)
  3 goblins (D:2)
  4 hobgoblins
  7 kobolds
  2 ball pythons
  2 giant newts (D:2)
  5 rats
37 creatures vanquished.

Notes
Turn   | Place    | Note
--------------------------------------------------------------
     0 | D:1      | Nimbul the Halfling Assassin began the quest for the Orb.
     0 | D:1      | Reached XP level 1. HP: 14/14 MP: 1/1
   391 | D:1      | Reached XP level 2. HP: 19/19 MP: 2/2
   410 | D:1      | Reached skill level 5 in Stealth
  1053 | D:2      | Reached XP level 3. HP: 22/24 MP: 3/3
  1726 | D:3      | Reached skill level 1 in Slings
  1771 | D:3      | Slain by an orc priest

Skill      XL: |  1  2  3 |
---------------+----------+-----
Stealth        | 5 |  5.4
Fighting       | 2 |  2.0
Slings         | 1 |  1.1
Short Blades   | 3 |  3.1
Throwing       | |  2.1
Dodging        | |  1.4

Action                   || total
-------------------------++-------
Melee: Dagger            ||    65
 Fire: Hunting sling     ||    12
  Use: Scroll            ||     8
       Potion            ||     6
 Stab: Sleeping          ||    16
  Eat: Chunk             ||     3
Armor: Robe              ||     6
       Leather armour    ||     9
Dodge: Dodged            ||    31
